 Dungeon Crawl Stone Soup version 0.19.4-9-g45fd643 (webtiles) character file.

12486 theRoog the Protected (level 11, -4/99 HPs)
             Began as a Minotaur Berserker on Feb 16, 2017.
             Was a High Priest of Trog.
             Killed from afar by an ice statue (19 damage)
             ... with a freezing blast
             ... on level 11 of the Dungeon.
             The game lasted 00:23:42 (11661 turns).

theRoog the Protected (Minotaur Berserker)         Turns: 11661, Time: 00:23:43

Health: -4/99      AC: 23    Str: 24    XL:     11   Next: 63%
Magic:  10/10      EV: 11    Int:  4    God:    Trog [*****.]
Gold:   905        SH:  0    Dex: 11    Spells: 0 memorised, 10 levels left

rFire  . . .     SeeInvis .     t - +4 long sword (flame)
rCold  . . .     Gourm    .     v - +1 plate armour
rNeg   . . .     Faith    .     (no shield)
rPois  .         Spirit   .     (helmet restricted)
rElec  .         Reflect  .     k - +0 cloak
rCorr  .         Harm     .     d - +1 pair of gloves
MR     .....                    u - +1 pair of boots
Stlth  ..........               (no amulet)
                                (no ring)
                                D - +2 ring of evasion

@: no status effects
A: retaliatory headbutt, horns 2
a: Berserk, Trog's Hand, Brothers in Arms, Burn Spellbooks, Renounce Religion


You were on level 11 of the Dungeon.
You worshipped Trog.
Trog was extremely pleased with you.
You were not hungry.

You visited 1 branch of the dungeon, and saw 11 of its levels.

You collected 905 gold pieces.

Inventory:

Hand Weapons
 a - a +0 hand axe
 l - a +3 falchion of draining
 q - a +0 war axe
 t - a +4 long sword of flaming (weapon)
Armour
 d - a +1 pair of gloves (worn)
 i - a +1 scale mail of fire resistance
 k - a +0 cloak (worn)
 u - a +1 pair of boots (worn)
 v - a +1 plate armour (worn)
Jewellery
 b - an uncursed ring of magical power {unknown}
 j - a +3 ring of strength {unknown}
 D - a +2 ring of evasion (left hand)
 F - a +2 amulet of reflection
Wands
 h - a wand of slowing (31/48)
 B - a wand of lightning (2/15)
 G - a wand of random effects (35/48)
Scrolls
 f - 2 scrolls of remove curse
 g - a scroll of fog
 n - a scroll of enchant weapon
 p - 5 scrolls of teleportation
 s - 2 scrolls of summoning {unknown}
 w - 2 scrolls of recharging
 y - a scroll of blinking
 A - a scroll of fear
 E - 6 scrolls of identify
Potions
 e - a potion of agility
 m - 3 potions of curing
 o - 2 potions of cancellation
 r - 3 potions of lignification
 C - a potion of haste
Comestibles
 c - a beef jerky
 x - 4 meat rations
 I - 11 royal jellies


   Skills:
 + Level 10.1 Fighting
 + Level 10.4 Long Blades
 + Level 11.8 Axes
 + Level 12.4 Armour
 + Level 3.6 Dodging
 + Level 1.5 Stealth


You had 10 spell levels left.
You didn't know any spells.

Dungeon Overview and Level Annotations

Branches:
Dungeon (11/15)            Temple (0/1) D:4            Lair (0/6) D:9
    Orc: D:9-12

Altars:
Ashenzari
Cheibriados
Fedhas
Gozag
Kikubaaqudgha
Zin
Beogh

Shops:
D:11 (

Annotations:
D:11 exclusion: 2 ice statues


Innate Abilities, Weirdness & Mutations

You reflexively headbutt those who attack you in melee.
You have a pair of horns on your head.


Message History

The ice beast is heavily wounded.
You hit the ice statue.
You melt the ice statue.
The ice statue is lightly damaged.
The ice statue gestures at you. The shard of ice hits you!
The ice beast closely misses you.
You hit the ice statue but do no damage.
You headbutt the ice statue, but do no damage.
The ice statue is lightly damaged.
The ice statue gestures at you. The shard of ice hits you!
* * * LOW HITPOINT WARNING * * *
The ice beast hits you but does no damage.
The ice statue glitters chillingly in the dim dungeon light.
The ice statue gestures at you. The freezing blast hits you!
The ice statue glitters chillingly in the dim dungeon light.
The ice statue gestures at you.
The freezing blast hits the ice beast.
The ice beast completely resists.
The freezing blast hits you!
You die...

≈.≈≈..≈....≈....≈.≈≈≈≈...≈..≈...≈
≈≈≈≈≈≈≈≈≈≈≈≈≈≈≈≈≈≈≈≈≈≈≈≈≈≈≈≈≈≈≈≈≈
≈≈≈≈≈≈≈≈≈≈≈≈≈≈≈≈≈≈≈≈≈≈≈≈≈≈≈≈≈≈≈≈≈
≈≈≈≈≈≈≈≈≈≈≈≈≈≈≈≈≈≈≈≈≈≈≈≈≈≈≈≈≈≈≈≈≈
............≈≈≈≈≈≈≈≈≈≈≈≈≈≈≈≈≈≈≈≈≈
.##########......≈≈≈≈≈≈≈≈≈≈≈≈≈≈≈≈
##$(?$$%((######...≈≈≈≈≈≈≈...≈≈≈≈
...............###..≈≈≈≈≈.###.≈≈≈
.............8Y.@#..≈≈≈≈≈.# #.≈≈≈
...............###..≈≈≈≈≈.# ,
##........######...≈≈≈≈≈≈≈.
.###''''###.....÷≈≈≈≈≈≈≈≈≈≈
............≈≈≈≈≈≈≈≈≈≈≈≈≈≈≈≈
≈≈≈≈≈≈≈≈≈≈≈≈≈≈≈≈≈≈≈≈≈≈≈≈≈≈≈≈
≈≈≈≈≈≈≈≈≈≈≈≈≈≈≈≈≈≈≈≈≈≈≈≈≈≈≈≈≈ ≈
###########################


You could see an ice statue and an ice beast.

Vanquished Creatures
  The ghost of Grinner the Ruffian, a novice TrEE of Sif Muna (D:7)
  An ugly thing (D:11)
  2 manticores
  A kobold demonologist (D:11)
  3 trolls
  Grinder (D:5)
  A two-headed ogre (D:11)
  Prince Ribbit (D:7)
  5 hippogriffs
  A wraith (D:10)
  A wyvern (D:8)
  8 yaks (D:9)
  A hungry ghost (D:9)
  Menkaure (D:5)
  A mottled dragon (D:11)
  2 water moccasins
  10 ice beasts (D:11)
  3 black bears
  9 orc warriors
  2 necrophages
  3 sky beasts
  4 ogres
  2 phantoms
  5 centaurs
  A crocodile (D:11)
  3 big kobolds
  3 bullfrogs
  4 scorpions
  9 killer bees
  7 wights
  A howler monkey (D:6)
  2 bullfrog zombies
  9 crimson imps
  2 quasits
  5 hounds
  2 bullfrog skeletons
  5 orc priests
  A centaur skeleton (D:11)
  6 jellies
  4 iguanas
  9 worker ants
  A hound skeleton (D:8)
  A howler monkey zombie (D:9)
  A worker ant zombie (D:9)
  11 adders
  7 river rats (D:9)
  3 shadow imps
  6 oozes
  2 adder skeletons
  2 worms
  6 dart slugs
  2 leopard geckos
  35 orcs
  A ball python (D:7)
  4 giant cockroaches
  12 goblins
  8 hobgoblins
  4 jackals
  15 kobolds
  6 quokkas
  14 bats
  4 frilled lizards
  A jackal zombie (D:7)
  8 rats
  A fungus (D:9)
297 creatures vanquished.

Vanquished Creatures (others)
  15 fungi (D:9)
  7 plants (D:9)
22 creatures vanquished.

Grand Total: 319 creatures vanquished

Notes
Turn   | Place    | Note
-------+----------+-------------------------------------------
     0 | D:1      | theRoog the Minotaur Berserker began the quest for the Orb.
     0 | D:1      | Reached XP level 1. HP: 19/19 MP: 0/0
   121 | D:1      | Reached XP level 2. HP: 24/27 MP: 1/1
   210 | D:1      | Reached ** piety under Trog
   317 | D:1      | Reached XP level 3. HP: 28/33 MP: 2/2
   753 | D:2      | Reached skill level 3 in Armour
   791 | D:2      | HP: 1/34 [poisoned by an adder]
  1335 | D:2      | Reached XP level 4. HP: 41/41 MP: 3/3
  1570 | D:3      | Found a snail-covered altar of Cheibriados.
  1964 | D:4      | Found a staircase to the Ecumenical Temple.
  1972 | D:4      | Reached skill level 5 in Axes
  1981 | D:4      | Reached *** piety under Trog
  1998 | D:4      | Reached XP level 5. HP: 17/47 MP: 4/4
  2040 | D:4      | Noticed a hippogriff
  2056 | D:4      | Killed a hippogriff
  2056 | D:4      | Reached skill level 5 in Armour
  2056 | D:4      | Reached XP level 6. HP: 14/53 MP: 5/5
  2704 | D:5      | Entered Level 5 of the Dungeon
  2737 | D:5      | Reached skill level 1 in Stealth
  2916 | D:5      | Reached skill level 5 in Fighting
  2916 | D:5      | Reached XP level 7. HP: 44/61 MP: 6/6
  2981 | D:5      | Noticed Menkaure
  2996 | D:5      | Killed Menkaure
  3383 | D:5      | Noticed Grinder
  3402 | D:5      | Killed Grinder
  3402 | D:5      | Reached skill level 6 in Armour
  3432 | D:5      | Reached XP level 8. HP: 39/69 MP: 7/7
  3469 | D:5      | Reached skill level 7 in Armour
  3495 | D:5      | Found a shattered altar of Ashenzari.
  4095 | D:6      | Found an opulent altar of Gozag.
  4275 | D:6      | Reached **** piety under Trog
  4406 | D:6      | Reached skill level 8 in Armour
  4429 | D:6      | Reached skill level 10 in Axes
  4482 | D:6      | Reached XP level 9. HP: 33/78 MP: 8/8
  4621 | D:6      | HP: 3/78 [orc warrior/halberd (20)]
  5513 | D:7      | Noticed Prince Ribbit
  5532 | D:7      | Killed Prince Ribbit
  5532 | D:7      | Reached skill level 9 in Armour
  6093 | D:7      | Noticed Grinner's ghost (novice TrEE)
  6113 | D:7      | Killed Grinner's ghost
  6307 | D:7      | Reached skill level 10 in Armour
  6434 | D:7      | Noticed a troll
  6443 | D:7      | Killed a troll
  6719 | D:8      | Reached XP level 10. HP: 69/88 MP: 9/9
  6798 | D:8      | Reached skill level 1 in Long Blades
  7208 | D:9      | Reached ***** piety under Trog
  7344 | D:9      | Found an ancient bone altar of Kikubaaqudgha.
  7346 | D:9      | Found a blossoming altar of Fedhas.
  7381 | D:9      | Noticed a manticore
  7387 | D:9      | Killed a manticore
  7494 | D:9      | Reached skill level 11 in Armour
  7498 | D:9      | Reached skill level 5 in Long Blades
  7538 | D:9      | Gained mutation: Armour fits poorly on your strangely shaped body. [mutagenic meat]
  7539 | D:9      | Gained mutation: You passively map a small area around you. [mutagenic meat]
  7540 | D:9      | Gained mutation: Your system is resistant to poisons. (rPois) [mutagenic meat]
  7541 | D:9      | Gained mutation: Your magical capacity is low. (-10% MP) [mutagenic meat]
  7542 | D:9      | Gained mutation: Your spells are a little easier to cast, but a little less powerful. [mutagenic meat]
  7580 | D:9      | Found a staircase to the Lair.
  7921 | D:10     | Entered Level 10 of the Dungeon
  7983 | D:10     | Received a gift from Trog
  8026 | D:10     | Reached XP level 11. HP: 13/97 MP: 8/8
  8659 | D:10     | Found a roughly hewn altar of Beogh.
  9547 | D:11     | Found a glowing silver altar of Zin.
  9635 | D:11     | Reached skill level 12 in Armour
  9680 | D:11     | Found Bokoniux's Weapon Shoppe.
  9898 | D:11     | Gained mutation: You tend to lose your temper in combat. [mutagenic meat]
  9900 | D:11     | Gained mutation: You are dopey. (Int -2) [mutagenic meat]
  9901 | D:11     | Lost intelligence.
  9901 | D:11     | Gained mutation: You are very dopey. (Int -4) [mutagenic meat]
  9927 | D:11     | Lost mutation: You tend to lose your temper in combat. [potion of cure mutation]
  9927 | D:11     | Lost mutation: You are very dopey. (Int -4) [potion of cure mutation]
  9927 | D:11     | Lost mutation: Armour fits poorly on your strangely shaped body. [potion of cure mutation]
  9928 | D:11     | Lost mutation: You are dopey. (Int -2) [potion of cure mutation]
  9928 | D:11     | Lost mutation: Your spells are a little easier to cast, but a little less powerful. [potion of cure mutation]
  9928 | D:11     | Lost mutation: Your magical capacity is low. (-10% MP) [potion of cure mutation]
  9928 | D:11     | Lost mutation: Your system is resistant to poisons. (rPois) [potion of cure mutation]
  9928 | D:11     | Lost mutation: You passively map a small area around you. [potion of cure mutation]
 10293 | D:11     | Reached skill level 10 in Fighting
 10840 | D:11     | Noticed a cyan ugly thing
 10848 | D:11     | Killed a cyan ugly thing
 10848 | D:11     | Reached skill level 10 in Long Blades
 11661 | D:11     | Killed from afar by an ice statue

Skill      XL: |  1  2  3  4  5  6  7  8  9 10 11 |
---------------+----------------------------------+-----
Axes           | 4 5 6 7 8 10 11 | 11.8
Fighting       | 4 5 6 8 9 10 | 10.1
Armour         | 3 5 6 8 10 11 12 | 12.4
Dodging        | 3 |  3.6
Stealth        | 1 |  1.5
Long Blades    | 8 10 | 10.4

Action                   |  1- 3 |  4- 6 |  7- 9 | 10-12 || total
-------------------------+-------+-------+-------+-------++-------
Melee: Hand axe          |    87 |   115 |   299 |       ||   501
       Headbutt          |    15 |    32 |    82 |   125 ||   254
       Long sword        |       |       |    25 |   346 ||   371
       Falchion          |       |       |       |    88 ||    88
Invok: Berserk           |       |     1 |     2 |     2 ||     5
       Burn Spellbooks   |       |       |     1 |     1 ||     2
       Trog's Hand       |       |       |       |     1 ||     1
  Use: Scroll            |       |       |    17 |     3 ||    20
       Potion            |       |       |       |    13 ||    13
  Eat: Beef jerky        |     1 |       |       |     1 ||     2
       Bread ration      |       |     1 |     3 |     5 ||     9
       Fruit             |       |       |     1 |       ||     1
       Chunk             |       |       |       |     9 ||     9
Armor: Animal skin       |    12 |       |       |       ||    12
       Scale mail        |    16 |    12 |       |       ||    28
       Plate armour      |       |    52 |   177 |   314 ||   543
Dodge: Dodged            |    53 |    47 |   131 |   323 ||   554
Block: Other             |       |       |       |    32 ||    32
       Reflection        |       |       |       |     3 ||     3
       Rpst.: Long sword |       |       |     3 |    53 ||    56
       Falchion          |       |       |       |    15 ||    15
